 Dungeon Crawl Stone Soup version 0.31-a0-868-g674d60d6f7 (webtiles) character file.

Game seed: 2338858841507767697

1460 MachoJfn the Reanimator (level 8, 0/52 HPs)
             Began as a Demonspawn Necromancer on Oct 10, 2023.
             Was a Priest of Dithmenos.
             Slain by an orc warrior
             ... wielding a +0 trident of protection
              (10 damage)
             ... on level 6 of the Dungeon on Oct 11, 2023.
             The game lasted 00:22:51 (5692 turns).

MachoJfn the Reanimator (Demonspawn Necromancer)    Turns: 5692, Time: 00:22:52

Health: 0/52       AC:  6    Str: 10    XL:     8   Next: 48%
Magic:  13/18      EV: 11    Int: 18    God:    Dithmenos [***...]
Gold:   256        SH:  0    Dex: 13    Spells: 20/21 levels left

rFire   . . .        o - +0 short sword (elec)
rCold   + . .        l - orb {*channel}
rNeg    . . .        g - +2 leather armour {rC+}
rPois   .            (helmet restricted)
rElec   .            (no cloak)
rCorr   .            c - +0 pair of gloves
SInv    .            (no boots)
Will    .....        p - amulet of the acrobat
Stlth   ++           (no ring)
HPRegen 0.28/turn    (no ring)
MPRegen 0.16/turn

%: acrobat, channel magic (20%)
@: mighty, wreathed by umbra
A: horns 1, demonic guardian 2, powered by pain 1
a: Renounce Religion, Shadow Step


You were on level 6 of the Dungeon.
You worshipped Dithmenos.
Dithmenos was most pleased with you.
You visited 1 branch of the dungeon, and saw 6 of its levels.

You collected 256 gold pieces.

Inventory:

Hand Weapons
 o - a +0 short sword of electrocution (weapon)
 v - a +0 scythe of freezing
Missiles
 f - 8 poisoned darts (quivered)
 k - 29 stones
 s - 2 javelins
Armour
 c - a +0 pair of gloves (worn)
 g - a +2 leather armour of cold resistance (worn)
 l - an orb of energy (worn)
Magical Staves
 h - a staff of conjuration
Jewellery
 a - an amulet of guardian spirit
 p - an amulet of the acrobat (around neck)
Wands
 n - a wand of paralysis (2)
 w - a wand of flame (6)
Scrolls
 e - a scroll of fear
Potions
 b - a potion of magic
 d - 3 potions of curing
 i - a potion of attraction {unknown}
 m - a potion of enlightenment {unknown}
 q - a potion of berserk rage {unknown}
 r - a potion of resistance {unknown}
 t - a potion of brilliance {unknown}
 u - a potion of mutation {unknown}


   Skills:
 - Level 1.7 Dodging
 - Level 2.0 Stealth
 + Level 7.1 Spellcasting
 + Level 9.2 Necromancy


You had 20 spell levels left.
You knew the following spells:

 Your Spells              Type           Power      Damage    Failure   Level
a - Necrotise             Necr           100%       1d9       2%          1

Your spell library contained the following spells:

 Spells                   Type           Power      Damage    Failure   Level
 Vampiric Draining        Necr           39%        2d8       5%          3
 Animate Dead             Necr           39%        N/A       11%         4
 Agony                    Necr           39%        N/A       22%         5
 Inner Flame              Hex/Fire       6%         N/A       63%         3
 Yara's Violent Unravell  Hex/Tmut       3%         3d4       99%         5
 Enfeeble                 Hex            3%         N/A       100%        7


Dungeon Overview and Level Annotations

Branches:
Dungeon (6/15)
 Temple: D:4-7

Altars:
Dithmenos
Trog
Uskayaw
Xom
Yredelemnul

Shops:
D:4 :


Innate Abilities, Weirdness & Mutations

You have a pair of small horns on your head.
A demonic guardian rushes to your aid.
You sometimes gain a little power by taking damage.


Message History

The ufetubus hits you. The ufetubus closely misses you.
The orc warrior hits you from afar with a +0 trident of protection!
The ufetubus hits you but does no damage.
The ufetubus hits you.
You miss the ufetubus. You headbutt the ufetubus.
You kill the ufetubus!
Dithmenos accepts your kill.
The orc warrior hits you from afar with a +0 trident of protection!
An orc comes into view. It is wielding a +0 hand axe.
Casting: Necrotise (safe; 2% risk of failure)
Confirm with . or Enter, or press ? or * to list all spells.
Aiming: Necrotise (safe; 2% risk of failure)
Press: ? - help, Shift-Dir - straight line, f - bullfrog
Aim: a bullfrog (ally target, umbra, chance to affect: 83%)
The bullfrog writhes in agony.
The bullfrog barely misses you.
The bullfrog hits you but does no damage.
The orc warrior closely misses you.
Casting: Necrotise (safe; 2% risk of failure)
Confirm with . or Enter, or press ? or * to list all spells.
Aiming: Necrotise (safe; 2% risk of failure)
Press: ? - help, Shift-Dir - straight line, f/p - bullfrog
Aim: a bullfrog (lightly wounded, ally target, umbra, chance to affect: 83%)
The bullfrog writhes in agony!
The bullfrog closely misses you.
The orc warrior hits you from afar with a +0 trident of protection!
Casting: Necrotise (safe; 2% risk of failure)
Confirm with . or Enter, or press ? or * to list all spells.
Aiming: Necrotise (safe; 2% risk of failure)
Press: ? - help, Shift-Dir - straight line, f/p - bullfrog
Aim: a bullfrog (heavily wounded, ally target, umbra, chance to affect: 83%)
The bullfrog writhes in agony!
Magical energy flows into your mind! The bullfrog hits you.
The bullfrog hits you but does no damage.
The orc warrior hits you from afar with a +0 trident of protection.
* * * LOW HITPOINT WARNING * * *
You feel very mighty all of a sudden. The bullfrog hits you.
* * * LOW HITPOINT WARNING * * *
A demonic guardian appears!
The orc warrior hits you from afar with a +0 trident of protection!
You die...

#.#.§.# #...≈..
#...≈.# #.#.≈.# ≈
###...≈.#####.≈
#...#.≈)4o....≈..
#...#o≈≈≈≈≈≈§.≈...
#...#.Z@Fh).......
#...##.##o........#
#...#..# .........#
#......###.........
#...#....#........#
#...###<..........#
#...# ###...>......
#...# ##.........
#####
#####.........


You could see an orc warrior (ally target), a black bear, a bullfrog (ally
target), 2 orcs, a friendly hellwing (summoned) and a friendly orc priest
skeleton.

Vanquished Creatures
  Sigmund (D:5)
  Eustachio (D:5)
  A water moccasin (D:5)
  An ice beast (D:5)
  A phantom (D:4)
  A bullfrog (D:5)
  2 howler monkeys (D:4)
  3 orc priests
  2 hounds
  A sleepcap (D:4)
  3 iguanas (D:5)
  3 orc wizards (D:4)
  9 river rats (D:5)
  8 adders
  An ufetubus (D:6)
  A worm (D:2)
  A dart slug (D:4)
  14 orcs
  7 ball pythons
  7 bats
  6 endoplasms
  A giant cockroach (D:3)
  7 goblins
  7 hobgoblins
  3 jackals (D:2)
  7 quokkas
  6 frilled lizards
  5 kobolds
  8 rats
118 creatures vanquished.

Vanquished Creatures (collateral kills)
  An ogre (D:5)
  A scorpion (D:5)
  2 river rats (D:5)
  3 orcs (D:4)
  An endoplasm (D:3)
  3 goblins
  A quokka (D:5)
  2 ball pythons
  3 rats (D:5)
17 creatures vanquished.

Grand Total: 135 creatures vanquished

Notes
Turn   | Place    | Note
-------+----------+-------------------------------------------
     0 | D:1      | MachoJfn the Demonspawn Necromancer began the quest for the
                  | Orb.
     0 | D:1      | Reached XP level 1. HP: 13/13 MP: 3/3
   233 | D:1      | Gained mutation: A weak demonic guardian rushes to your
                  | aid. [demonic ancestry]
   233 | D:1      | Reached XP level 2. HP: 19/19 MP: 0/5
   466 | D:1      | Reached skill level 5 in Necromancy
   574 | D:1      | Found a faded altar of an unknown god.
   580 | D:1      | Prayed at the altar of an unknown god.
   580 | D:1      | Became a worshipper of Dithmenos the Shadowed
   580 | D:1      | Reached * piety under Dithmenos
  1074 | D:2      | Gained mutation: You have a pair of small horns on your
                  | head. [demonic ancestry]
  1074 | D:2      | Reached XP level 3. HP: 24/24 MP: 1/6
  1520 | D:2      | Identified the +0 helmet of Infinity {rF- Will+++ Str-5
                  | Dex+4}
  2011 | D:3      | Reached XP level 4. HP: 29/30 MP: 1/8
  2031 | D:3      | Found a hide-covered altar of Uskayaw.
  2343 | D:3      | Reached ** piety under Dithmenos
  2477 | D:3      | Upgraded the game from 0.31-a0-865-g3d5d91748a to
                  | 0.31-a0-868-g674d60d6f7
  2946 | D:4      | Found Ynue's Book Boutique.
  2991 | D:4      | Reached skill level 6 in Necromancy
  2991 | D:4      | Reached XP level 5. HP: 28/35 MP: 5/10
  3341 | D:4      | Found a shimmering altar of Xom.
  3345 | D:4      | Found a basalt altar of Yredelemnul.
  3404 | D:4      | Found a bloodstained altar of Trog.
  3489 | D:4      | Reached XP level 6. HP: 37/41 MP: 8/12
  3867 | D:4      | Reached skill level 7 in Necromancy
  4300 | D:5      | Entered Level 5 of the Dungeon
  4333 | D:5      | Noticed Sigmund
  4339 | D:5      | Killed Sigmund
  4340 | D:5      | Reached skill level 5 in Spellcasting
  4340 | D:5      | Gained mutation: A demonic guardian rushes to your aid.
                  | [demonic ancestry]
  4340 | D:5      | Reached XP level 7. HP: 46/46 MP: 9/14
  4588 | D:5      | Reached skill level 8 in Necromancy
  4669 | D:5      | Reached *** piety under Dithmenos
  5066 | D:5      | Noticed Eustachio
  5078 | D:5      | Killed Eustachio
  5079 | D:5      | Gained mutation: You sometimes gain a little power by
                  | taking damage. [demonic ancestry]
  5079 | D:5      | Reached XP level 8. HP: 51/52 MP: 7/17
  5506 | D:5      | Reached skill level 9 in Necromancy
  5692 | D:6      | Slain by an orc warrior

Illustrated notes

Levels and vault maps discovered:
D:1:      onia_arrival_mini_maze_b, layout_rooms, basic_ecumenical_altar,
          minmay_hedge_maze
D:2:      layout_basic, serial_corexii_hall, corexii_hall_statues_l,
          chequers_hall_statues_wall_a
D:3:      layout_rooms, nicolae_uskayaw_suspiria
D:4:      layout_gridville, grunt_temple_overflow_open, serial_shops,
          nicolae_lakefront_shop
D:5:      lemuel_ratsnest, layout_basic, st_stairs_6,
          kennysheep_generic_room_15, uniq_sigmund, uniq_eustachio
D:6:      layout_rooms, mainiacjoe_overflow_brackets, minmay_temple_entry_tees,
          uniq_maggie

Skill      XL: |  1  2  3  4  5  6  7  8 |
---------------+-------------------------+-----
Necromancy     | 5 6 7 8 9 |  9.2
Stealth        | 2 |  2.0
Spellcasting   | 3 4 5 6 7 |  7.1
Dodging        | |  1.7

Action                     |  1- 3 |  4- 6 |  7- 9 || total
---------------------------+-------+-------+-------++-------
  Melee: Unarmed           |    12 |       |       ||    12
         Dagger            |     1 |       |       ||     1
         Short sword       |       |    16 |     6 ||    22
         Headbutt          |       |       |     1 ||     1
  Throw: Dart              |     1 |       |       ||     1
   Cast: Necrotise         |    73 |    96 |   129 ||   298
    Use: Scroll            |     3 |     2 |       ||     5
         Potion            |       |     1 |     1 ||     2
 Armour: Robe              |     8 |    20 |       ||    28
         Leather armour    |       |       |    44 ||    44
  Dodge: Dodged            |     7 |    22 |    46 ||    75

Table legend: (Time is in decaauts)
 A = Elapsed time spent in this place.
 B = Non-inter-level travel time spent in this place.
 C = Inter-level travel time spent in this place.
 D = Time resting spent in this place.
 E = Time spent auto-exploring this place.
 F = Levels seen in this place.
 G = Mean time per level.
                   A        B        C        D        E       F      G
               +--------+--------+--------+--------+--------+-----+--------+
         Total |   5691 |   5183 |    508 |    358 |   3938 |   6 |  948.5 |
       Dungeon |   5691 |   5183 |    508 |    358 |   3938 |   6 |  948.5 |
               +--------+--------+--------+--------+--------+-----+--------+

Top non-repeatable levels by time:
     D:4: 1572 daAuts
     D:5: 1340 daAuts
     D:2: 1071 daAuts
     D:1: 887 daAuts
     D:3: 769 daAuts
     D:6: 50 daAuts
